[ PARTIDA AOE2 · #505116956 ]
UnrankedSicilianos vs Wu
Equipo del jugador · DERR
Equipo rival · VICT
[ ANÁLISIS DE REPETICIÓN · EXTRAÍDO DE LA PARTIDA GRABADA ]
Feudal
—
Castillos
—
Imperial
—
| APM promedio | 38.0 |
| APM pico | 67 |
| eAPM promedio | 18.7 |
| Aldeanos / militares | 29 / 0 |
Foco
⚔️ 20.9% · 🌾 79.1%
Feudal
10:47
Castillos
—
Imperial
—
| APM promedio | 19.8 |
| APM pico | 35 |
| eAPM promedio | 12.3 |
| Aldeanos / militares | 25 / 4 |
Foco
⚔️ 17.4% · 🌾 82.6%
Archer ×4
Mapa de la partida
Recursos iniciales + cada clic de construcción. Líneas = muros · curvas = relieve. ◆ oro · ⬟ piedra · ● bayas · ✦ reliquia · ◌ hueco del cierre
Tu base· ✓ Cerrada en 12:00 · 0t muro · 2 puerta(s)
Base de Túnez· ✓ Cerrada en 15:56 · 28t muro · 2 puerta(s)
Terreno inicial suavizado · ◌ = hueco del cierre detectado · pasá el cursor para detalles
Inputs por minuto
— Liberty - - Túnez
Build order — Liberty
39 acciones detectadas en el replay
| 0:00 | Encolar | Villager (Male) ×4 |
| 0:02 | Construir | House |
| 0:04 | Construir | House |
| 1:45 | Encolar | Villager (Male) |
| 1:58 | Construir | Lumber Camp |
| 2:13 | Encolar | Villager (Male) |
| 2:32 | Encolar | Villager (Male) |
| 2:33 | Encolar | Villager (Male) |
| 3:07 | Construir | House |
| 3:08 | Construir | House |
| 3:34 | Encolar | Villager (Male) |
| 3:35 | Encolar | Villager (Male) |
| 3:36 | Encolar | Villager (Male) |
| 4:17 | Encolar | Villager (Male) |
| 4:17 | Encolar | Villager (Male) |
| 5:16 | Investigar | Loom |
| 5:22 | Encolar | Villager (Male) |
| 5:23 | Encolar | Villager (Male) |
| 5:23 | Encolar | Villager (Male) |
| 5:23 | Encolar | Villager (Male) |
| 5:23 | Encolar | Villager (Male) |
| 7:53 | Encolar | Villager (Male) |
| 8:16 | Construir | Mill |
| 8:57 | Encolar | Villager (Male) |
| 9:29 | Encolar | Villager (Male) |
| 9:48 | Construir | Town Center |
| 10:26 | Encolar | Villager (Male) |
| 10:26 | Encolar | Villager (Male) |
| 10:27 | Encolar | Villager (Male) |
| 11:04 | Construir | House |
| 11:11 | Construir | House |
| 11:16 | Encolar | Villager (Male) |
| 11:21 | Encolar | Villager (Male) |
| 12:24 | Construir | Town Center |
| 13:11 | Encolar | Villager (Male) |
| 13:50 | Encolar | Villager (Male) |
| 15:21 | Encolar | Villager (Male) |
| 16:26 | Construir | Town Center |
| 16:44 | Construir | Town Center |
Build order — Túnez
58 acciones detectadas en el replay
| 0:01 | Encolar | Villager (Male) |
| 0:01 | Encolar | Villager (Male) |
| 0:02 | Construir | House |
| 0:05 | Construir | House |
| 0:30 | Encolar | Villager (Male) |
| 1:01 | Encolar | Villager (Male) |
| 1:41 | Encolar | Villager (Male) |
| 1:59 | Encolar | Villager (Male) |
| 2:27 | Encolar | Villager (Male) |
| 2:42 | Encolar | Villager (Male) |
| 3:20 | Encolar | Villager (Male) |
| 3:42 | Encolar | Villager (Male) |
| 3:49 | Construir | House |
| 4:12 | Encolar | Villager (Male) |
| 4:19 | Construir | Lumber Camp |
| 4:40 | Encolar | Villager (Male) |
| 4:48 | Construir | House |
| 4:53 | Encolar | Villager (Male) |
| 5:10 | Construir | Mill |
| 5:27 | Encolar | Villager (Male) |
| 5:56 | Encolar | Villager (Male) |
| 6:16 | Encolar | Villager (Male) |
| 6:23 | Investigar | Loom |
| 6:46 | Encolar | Villager (Male) |
| 7:16 | Construir | Barracks |
| 7:26 | Construir | House |
| 7:38 | Encolar | Villager (Male) |
| 7:46 | Construir | House |
| 8:24 | Encolar | Villager (Male) |
| 8:37 | Investigar | Feudal Age |
| 10:25 | Construir | House |
| 10:47 | Edad | Edad Feudal |
| 10:50 | Construir | Palisade Wall |
| 10:59 | Construir | Stone Wall |
| 11:08 | Construir | Stone Wall |
| 11:11 | Encolar | Villager (Male) |
| 11:25 | Construir | Archery Range |
| 11:32 | Encolar | Villager (Male) |
| 12:05 | Construir | Stone Wall |
| 12:15 | Encolar | Archer |
| 12:24 | Construir | Stone Wall |
| 12:36 | Construir | Stone Wall |
| 12:46 | Encolar | Villager (Male) |
| 12:49 | Encolar | Villager (Male) |
| 12:51 | Encolar | Villager (Male) |
| 13:09 | Construir | House |
| 13:20 | Construir | Lumber Camp |
| 13:38 | Construir | Market |
| 13:46 | Encolar | Archer |
| 14:28 | Encolar | Archer |
| 14:50 | Encolar | Archer |
| 15:18 | Construir | House |
| 15:25 | Construir | Stone Wall |
| 15:29 | Construir | House |
| 15:56 | Investigar | Castle Age |
| 16:05 | Construir | House |
| 16:31 | Construir | House |
| 16:46 | Encolar | Villager (Male) |
Cronología de la partida
| 7:16 | Túnez · first_building Barracks |
| 10:47 | Túnez · age_up feudal |
| 10:50 | Túnez · wall_segment Palisade Wall x8 |
| 10:59 | Túnez · wall_segment Stone Wall x5 |
| 11:08 | Túnez · wall_segment Stone Wall x2 |
| 11:25 | Túnez · first_building Archery Range |
| 12:05 | Túnez · wall_segment Stone Wall x4 |
| 12:24 | Túnez · wall_segment Stone Wall x2 |
| 12:36 | Túnez · wall_segment Stone Wall x3 |
| 15:25 | Túnez · wall_segment Stone Wall x4 |
| 17:09 | Liberty · resign |
[ ANÁLISIS IA · 1 CRÉDITO ]
¿Qué pasó realmente en esta partida?
Wolo.gg analiza cada decisión: build order, eco, micro, errores típicos por bracket. Análisis personalizado por WhatsApp o Discord en 30 segundos.
Guía civ
Sicilianos
Perfil
Jugador #6175977